Cogmind - Beta 14 X2 @@@ ROGUE MODE // 2024.07.28 @ 23:18:37 Player: Boris Result: Destroyed by G-34 Mercenary with Small Laser Performance ------------- Evolutions (0) 0 Regions Visited (2) 400 Robots Destroyed (34) 170 Value Destroyed (653) 653 Prototype IDs (0) 0 Alien Tech Used (0) 0 Bonus (-17) -17 TOTAL SCORE: 1206 Bonus ------- Friendly Fire -17 Cogmind --------- Core Integrity 0/250 Matter 295/300 Energy 100/100 System Corruption 1% Temperature Cool (6) Movement Rolling (110) Ox2 Location -10/Mines Parts ------- > --- POWER (1) -------- (None) > --- PROPULSION (2) --- Light Treads Wheel > --- UTILITY (2) ------ Large Storage Unit Hacking Suite > --- WEAPON (2) ------- Hammer Katana > --- INVENTORY (15) --- Light Ion Engine Armored Treads Wheel Improved Heat Sink Structural Scanner Signal Interpreter Improved Terrain Scanner Seismic Detector Hardlight Generator EM Pulse Gun Beamcaster Beam Cannon Assault Rifle Datajack Signal Generator Peak State ------------ > --- POWER ------------ Ion Engine > --- PROPULSION ------- Light Treads Wheel > --- UTILITY ---------- Large Storage Unit Hacking Suite > --- WEAPON ----------- Hammer Katana > --- INVENTORY -------- Light Ion Engine Armored Treads Wheel Improved Heat Sink Structural Scanner Signal Interpreter Improved Terrain Scanner Seismic Detector Hardlight Generator EM Pulse Gun Beamcaster Beam Cannon Assault Rifle Datajack Signal Generator [Rating: 14] Favorites ----------- Power Light Ion Engine Engine Light Ion Engine Propulsion Light Treads Treads Light Treads Wheel Wheel Utility Large Storage Unit Device Heat Sink Storage Large Storage Unit Processor Visual Processing Unit Hackware Hacking Suite Weapon Light Assault Rifle Energy Gun Medium Laser Energy Cannon Beam Cannon Ballistic Gun Light Assault Rifle Impact Weapon Hammer Slashing Weapon Katana Build | -11 -10 -10 ------- Run | Yrd Mat Min Slots Evolved . | . . . Power . | . . . Propulsion . | . . . Utility . | . . . Weapon . | . . . Parts Attached 32 | 7 19 6 Power 5 | 1 3 1 Engine 5 | 1 3 1 Core . | . . . Reactor . | . . . Propulsion 5 | 2 3 . Treads 2 | 1 1 . Leg . | . . . Wheel 3 | 1 2 . Hover . | . . . Flight . | . . . Utility 7 | 1 6 . Device 3 | . 3 . Storage 2 | 1 1 . Processor 1 | . 1 . Hackware 1 | . 1 . Protection . | . . . Artifact . | . . . Weapon 15 | 3 7 5 Energy Gun 5 | 2 1 2 Energy Cannon 1 | . 1 . Ballistic Gun 4 | 1 3 . Ballistic Cannon . | . . . Launcher . | . . . Special Weapon . | . . . Impact Weapon 3 | . 2 1 Slashing Weapon 2 | . . 2 Piercing Weapon . | . . . Special Melee Weapon . | . . . Unidentified Prototypes . | . . . Parts Lost 4 | . 1 3 Power 2 | . . 2 Propulsion . | . . . Utility . | . . . Weapon 2 | . 1 1 Highest Loss Streak 2 | . 1 2 To Critical Strikes . | . . . Average Slot Usage (%) 99 | . 99 98 Engine 13 | . 14 12 Treads 24 | . 26 14 Wheel 3 | . 1 14 Device 5 | . 6 . Storage 14 | . 14 14 Hackware 7 | . 6 14 Energy Gun 7 | . 7 6 Ballistic Gun 13 | . 15 1 Impact Weapon 5 | . 4 11 Slashing Weapon 1 | . . 8 Naked Turns . | . . . Heaviest Build 29 | 12 29 29 Greatest Support 40 | 20 40 10 Greatest Overweight (x) 2 | . 2 2 Average Overweight (x) . | . . 2 Largest Inventory Capacity 15 | 8 15 15 Average Capacity 13 | 7 13 15 Most Carried 15 | 5 15 15 Average Carried 11 | 3 11 14 Final Capacity 15 | 8 15 15 Final Carried 15 | 5 15 15 Class Distribution -------------------- 95% | Mutant 4% | Scavenger-Mutant Dominant Class ---------------- Mutant | -10/Materials Mutant | -10/Mines Resources | -11 -10 -10 ----------- Run | Yrd Mat Min Matter Collected 571 | 270 261 40 Remotely . | . . . Salvage Created 1156 | 137 819 200 Parts 62 | 9 48 5 Haulers Intercepted 2 | . 2 . Recyclers Shooed 2 | 1 1 . Parts Field Recycled . | . . . Retrieved Matter . | . . . Parts Self-Destructed . | . . . Prevented . | . . . Kills | -11 -10 -10 ------- Run | Yrd Mat Min Combat Hostiles Destroyed 19 | . 15 4 Guns 15 | . 13 2 Cannons 2 | . 2 . AOE 2 | . . 2 Classes Destroyed 10 | 2 7 1 Worker 3 | . 3 . Builder 1 | . 1 . Tunneler 2 | 2 . . Hauler 2 | . 2 . Recycler 3 | 1 2 . Mechanic 1 | . . 1 Operator 2 | . 2 . Watcher 1 | . 1 . Swarmer 6 | . 6 . Grunt 13 | . 9 4 Best Kill Streak 6 | 3 6 5 Combat Bots Only 6 | . 6 4 Max Kills in Single Turn 2 | 2 1 2 Gunslinging . | . . . Exploded 2 | . . 2 Melee . | . . . Uniques/NPCs Destroyed . | . . . Combat | -11 -10 -10 -------- Run | Yrd Mat Min Hostile Shots Fired 120 | . 73 47 Missed 39 | . 22 17 Damage Taken 935 | . 579 356 Core 256 | . 127 129 Absorbed by Shields . | . . . Core Remaining (%) 100 | 100 . . Volleys Fired 91 | 5 73 13 Largest 2 | 2 2 2 Hottest 90 | 90 80 80 Shots Fired 168 | 10 138 20 Gun 156 | 10 126 20 Cannon 12 | . 12 . Launcher . | . . . Special . | . . . Kinetic 80 | . 80 . Thermal 63 | 5 58 . Explosive . | . . . Electromagnetic 25 | 5 . 20 Robot Hit Streak 17 | 3 17 9 Robot Miss Streak 3 | 1 3 3 Penetration Max . | . . . Secondary Targets 2 | . 2 . Max Gunslinging Chain 1 | . 1 . Shots Hit Robots 116 | 7 88 21 Core Hits 53 | 3 40 10 Critical Kills 1 | . 1 . Critical Parts Destroyed . | . . . Critical Strikes 8 | 1 6 1 Burn 6 | 1 5 . Corrupt 1 | . . 1 Smash 1 | . 1 . Melee Attacks 19 | . 8 11 Impact 19 | . 8 11 Slashing . | . . . Piercing . | . . . Sneak Attacks 5 | . 5 . Combat Hostiles . | . . . Follow-up Attacks . | . . . Damage Inflicted 1937 | 139 1193 605 Guns 1043 | 106 730 207 Cannons 156 | . 156 . Explosions 277 | 33 . 244 Melee 453 | . 299 154 Ramming 8 | . 8 . Kinetic 322 | . 322 . Thermal 879 | 71 564 244 Explosive . | . . . Electromagnetic 275 | 68 . 207 Impact 453 | . 299 154 Slashing . | . . . Piercing . | . . . Highest Corruption 1 | . 1 1 Average Corruption 1 | . 1 1 Corruption Purged . | . . . Corruption Blocked . | . . . Effects 6 | . 6 . Message Errors 3 | . 3 . Heat Flow Errors 1 | . 1 . Data Loss (major) 1 | . 1 . Alerts 1 | . 1 . Overload Shots . | . . . Overflow Damage 50 | 7 33 10 Projectiles . | . . . Explosions 7 | 7 . . Melee 43 | . 33 10 Knockbacks . | . . . Impact . | . . . Kinetic . | . . . Secondary . | . . . Self-Inflicted Damage . | . . . Shots . | . . . Rammed 2 | . 2 . Targets Rammed 2 | . 2 . Kicked . | . . . Crushed . | . . . Highest Temperature 324 | 90 324 241 Average Temperature 88 | 36 83 137 Received Heat Transfer 408 | . 210 198 Siege Activations . | . . . Robots Corrupted 2 | . 2 . Combat Hostiles . | . . . Parts Fried 3 | . 3 . Impact Corruptions 3 | . 2 1 Robots Melted . | . . . Combat Hostiles . | . . . Parts Melted 1 | . 1 . Heat Transferred 2585 | 235 1900 450 Parts Sabotaged . | . . . Parts Stolen . | . . . Parts Stripped . | . . . Power Chain Reactions 3 | 1 . 2 Alert | -11 -10 -10 ------- Run | Yrd Mat Min Peak Influence 249 | 15 249 111 Initial 47 | . 9 47 Average 106 | 6 120 65 Maximum Alert Level 1 | . 1 . Low Security (%) 90 | 100 88 100 Level 1 9 | . 11 . Level 2 . | . . . Level 3 . | . . . Level 4 . | . . . Level 5 . | . . . High Security . | . . . Max Security . | . . . Squads Dispatched 5 | . 3 2 Investigation 3 | . 2 1 Extermination . | . . . Reinforcement 1 | . 1 . Assault 1 | . . 1 Garrison . | . . . Intercept . | . . . Searches Triggered . | . . . Construction Impeded . | . . . Haulers Reinforced . | . . . Active Scanning Responses . | . . . Cargo Convoy Interrupts . | . . . Stealth | -11 -10 -10 --------- Run | Yrd Mat Min Distress Signals 1 | . 1 . Communications Jammed . | . . . Distress Signals . | . . . Times Spotted 40 | . 32 8 Peak Tracking Total 4 | . 4 4 Tactical Retreats 1 | . . 1 Traps | -11 -10 -10 ------- Run | Yrd Mat Min Traps Triggered 4 | . 4 . Indirectly . | . . . Trap Hack Attempts . | . . . Triggered . | . . . Disarmed . | . . . Reprogrammed . | . . . Reused . | . . . Traps Extracted . | . . . Installed . | . . . Triggered . | . . . Machines | -11 -10 -10 ---------- Run | Yrd Mat Min Machines Disabled 2 | . 2 . Max in Single Turn 1 | . 1 . Machines Repaired . | . . . Machines Dismantled . | . . . Machines Sabotaged . | . . . Overloaded Fab Kills . | . . . Hacking | -11 -10 -10 --------- Run | Yrd Mat Min Machines Accessed 7 | . 6 1 Terminals 5 | . 5 . Fabricators . | . . . Repair Stations . | . . . Recycling Units 1 | . 1 . Scanalyzers . | . . . Garrison Access . | . . . Total Hacks 17 | . 16 1 Successful 9 | . 8 1 Failed 8 | . 8 . Catastrophic 4 | . 4 . Database Lockouts . | . . . Manual 12 | . 12 . Terminals 14 | . 14 . Fabricators . | . . . Repair Stations . | . . . Recycling Units 2 | . 2 . Scanalyzers . | . . . Garrison Access . | . . . Terminal Hacks 3 | . 2 1 Open Door 1 | . . 1 Zone Layout 2 | . 2 . Fabricator Hacks . | . . . Repair Station Hacks . | . . . Recycling Unit Hacks 1 | . 1 . Retrieve Components 1 | . 1 . Scanalyzer . | . . . Garrison Access Hacks . | . . . Unauthorized Hacks 5 | . 5 . Terminals 5 | . 5 . Operators 1 | . 1 . Skim 4 | . 4 . Fabricators . | . . . Repair Stations . | . . . Recycling Units . | . . . Scanalyzers . | . . . Garrison Access . | . . . Data Cores Recovered . | . . . Used . | . . . Hacking Detections 6 | . 6 . Full Trace Events . | . . . Feedback Events . | . . . Feedback Blocked . | . . . Robot Schematics Acquired . | . . . Robots Built . | . . . Authchips . | . . . Time . | . . . Total Robot Build Rating . | . . . Part Schematics Acquired . | . . . Parts Built . | . . . Authchips . | . . . Time . | . . . Total Part Build Rating . | . . . Parts Repaired . | . . . Time . | . . . Parts Recycled . | . . . Recycled Matter . | . . . Retrieved Matter . | . . . Retrieved Components 8 | . 8 . Parts Scanalyzed . | . . . Part Schematics Acquired . | . . . Parts Damaged . | . . . Bothacking | -11 -10 -10 ------------ Run | Yrd Mat Min Used RIF Installer . | . . . Robots Hacked . | . . . Non-combat . | . . . Combat . | . . . Robot Hacks Applied . | . . . Relay Couplers Released . | . . . Fabnet Peak Effective % . | . . . Robots Rewired . | . . . Allies Hacked . | . . . Hacks Repelled . | . . . Allies | -11 -10 -10 -------- Run | Yrd Mat Min Total Allies 1 | . . 1 Largest Group 1 | . . 1 Highest-Rated Group 31 | . . 31 Highest-Rated Ally 31 | . . 31 Total Orders . | . . . Ally Attacks 3 | . . 3 Total Damage 22 | . . 22 Kills . | . . . Allies Corrupted . | . . . Allies Melted . | . . . Intel | -11 -10 -10 ------- Run | Yrd Mat Min Robot Analysis Total . | . . . Derelict Logs Recovered . | . . . Drone Launches . | . . . Drone Recoveries . | . . . Exploration | -11 -10 -10 ------------- Run | Yrd Mat Min Turns Passed 1904 | 123 1549 232 Spaces Moved 1037 | 68 837 132 Core 1 | 1 . . Treads 720 | 49 671 . Legs . | . . . Wheels 316 | 18 166 132 Hover . | . . . Flight . | . . . Fastest Speed 50 | 50 95 110 Average Speed 144 | 137 149 110 Slowest Speed 160 | 160 160 110 Overloaded Moves . | . . . Propulsion Burnouts . | . . . Robots Hopped . | . . . Cave-ins Triggered . | . . . Exploration Rate (%) 45 | 6 98 31 Regions Visited 2 Branch Regions 1 Pre-discovered Areas . | . . . Known Exits Taken . | . . . Unknown Exits Taken 2 | 1 1 . Scrap Searched . | . . . Spaces Dug . | . . . Terrain Destroyed 10 | 6 . 4 Melee . | . . . Projectile . | . . . AOE 10 | 6 . 4 Terrain Rammed . | . . . Walls Destroyed . | . . . Machines Disabled . | . . . Actions | -11 -10 -10 --------- Run | Yrd Mat Min Total 1261 | 85 995 181 Wait 32 | . 23 9 Move 1035 | 67 836 132 Hop . | . . . Pick Up 30 | 6 19 5 Fast Attach 11 | 5 4 2 Attach 5 | 1 3 1 Detach 2 | . 2 . Swap 16 | 1 12 3 Drop 18 | . 13 5 Fire 91 | 5 73 13 Melee 19 | . 8 11 Ram . | . . . Kick . | . . . Crush 2 | . 2 . Escape Stasis . | . . . Rewire . | . . . Trap . | . . . Miscellaneous . | . . . Route ------- -11/Scrapyard -10/Materials (discovered 5 exits: [*Mat x3] / *Min x2) -10/Mines History --------- Turn | Location | Event 11 | -11/Scrapyard | Discovered new exit (range 15) 124 | -11/Scrapyard | Entered Materials 312 | -10/Materials | Build established: Mutant 451 | -10/Materials | Discovered new exit (range 7) 635 | -10/Materials | Discovered new exit (range 7) 754 | -10/Materials | Discovered new exit (range 16) 1099 | -10/Materials | Discovered new exit (range 14) 1194 | -10/Materials | Core integrity fell below 50% 1603 | -10/Materials | Discovered new exit (range 6) 1673 | -10/Materials | Entered Mines 1677 | -10/Mines | Met a Derelict shopkeep closing up shop 1755 | -10/Mines | Met a Derelict testing a Signal Generator 1765 | -10/Mines | Found Signal Generator 1827 | -10/Mines | Core integrity fell below 20% 1905 | -10/Mines | Destroyed by G-34 Mercenary with Small Laser Last Messages --------------- 01840_ U-05 Engineer lays Concrete. 01840_ U-05 Engineer builds a Wall. 01841_ Dropped Heat Sink. 01842_ U-05 Engineer lays Concrete. 01844_ Acquired Corrupted Imp. Heat Sink. 01844_ U-05 Engineer lays Concrete. 01845_ Acquired 30 matter. 01845_ U-05 Engineer lays Concrete. 01847_ R-06 Scavenger collects Heat Sink. 01848_ K-01 Serf collects debris. 01848_ U-05 Engineer lays Concrete. 01849_ Acquired Ion Engine. 01850_ U-05 Engineer builds a Wall. 01851_ Acquired 10 matter. 01854_ K-01 Serf collects debris. 01893_ Ion Engine destroyed. 01896_ K-01 Serf collects debris. 01901_ Destroyed Heat Sink. 01901_ G-34 Mercenary system corrupted by crushing effect. 01902_ K-01 Serf collects debris. Map ----- +----------------------------------------------------+ | ????????????????????????????????????????????????## | | ???????????????????????????????????????????????## | | ???????????????########????????????????????????# | | ???????????????#""""""#????????????????????????# | | ???????????????# !![! #????????????????????????# | | ???????????????##[ ##???????????####?????????# | | ????????????????#! !#???????????## ##????????# | | ???????????????### =####????????## ##??###??# | | ???????????????# X ########## ### ##?# | | ???????????????# #?# | | ???????????????# """ #?# | | ???????????????# #### """ #### | | ???????????????# #??## """ ###?# | | ???????????????#########???####### ##???# | | ?????????????????????????????????## ##????# # | | ????????????????????????????????### ##?????# # | | ????????????????????????????????## k ##??????# # | | ??????????????????????????????### %=%[##??????# | | ??????????????????????????##### %%= ######## | | ???????????????#??????????# r%%= ## | | ???????????????# ?????????# ## | | ???????????????# ###?????# #### | | ???????????????# ??### % #??### | | ???????????????# ??# #????### | | ???????? ## ?# #?????## | | ???????? ##@#### #?????## | | ???????? %g #??## #??????## ### | | ???????? ####???## #???????####?? | | ???????? ????????# #????????????? | | ????????? ### ?????????## ##????????????? | | ???????????????## ??????????? ##?????????????? | | ????????????????# ???????????? #??????????????? | | ???????????????# ???????????? #??????????????? | | ?????????????? ?????????????##??????????????? | | ????????????? ?????????????????????????????? | | ???????????? ??????????????????????????????? | | ???????????? ??????????????????????????????? | | ???????????? ???????????????????????????????? | | ?????????????? ???????????????????????????????? | | ???????????????? ????????????????????????????????? | | ?????????????????????????????????????????????????? | | ?????????????????????????????????????????????????? | | ?????????????????????????????????????????????????? | | ?????????????????????????????????????????????????? | | ?????????????????????????????????????????????????? | | ?????????????????????????????????????????????????? | | ?????????????????????????????????????????????????? | | ?????????????????????????????????????????????????? | | ?????????????????????????????????????????????????? | | ?????????????????????????????????????????????????? | +----------------------------------------------------+ Best States ------------- Heat Dissipation 35 Energy Generation 10 Energy Capacity 250 Matter Stores 300 Matter Capacity 300 Sight Range 18 Terrain Scan Density 10 Evasion (%) 44 Recoil Reduction 2 Offensive Hacking 10 Item Schematics ----------------- None Robot Schematics ------------------ None Fabricated ------------ Nothing Alien Tech Used ----------------- None Achievements -------------- None Challenges ------------ None Game ------ Seed ShockContainmentBooster Manual? 0 Play Time 00:14:49 Cumulative 560.0 hours Start 2024.07.28 @ 23:02:49 End 2024.07.28 @ 23:18:37 Sessions 1 Manual Loads 0 Difficulty Rogue Special Mode None Game No. 198 Rogue 182 Adventurer 15 Explorer 1 Win Type - Total 34 Types 9/3/9/2/2/0/5/3/1 Lore% 87 Gallery% 91 Achievement% 83 Wizard Run 0 Options --------- Layout 0 ASCII 0 Keyboard 0 Movement Numpad Keybinds 0 Fullscreen 1 Font 18/SmallcapsGlow Map View 76x50 Zoom Use 0% Tactical HUD 1 Map Filters NONE Filters NONE Steam 1 RUN: 6e0dd949-0b8d-4b17-888a-62ceef1467b0